 Dungeon Crawl Stone Soup version 0.21.0 (webtiles) character file.

42 tidbits the Changer (level 3, 0/26 HPs)
             Began as a Barachi Transmuter on Jan 6, 2018.
             Slain by a hobgoblin (1 damage)
             ... on level 2 of the Dungeon.
             The game lasted 00:05:51 (820 turns).

tidbits the Changer (Barachi Transmuter)             Turns: 820, Time: 00:05:52

Health: 0/26       AC:  3    Str: 11    XL:     3   Next: 54%
Magic:  1/7        EV: 12    Int: 14    God:
Gold:   24         SH:  0    Dex: 12    Spells: 2/8 levels left

rFire    . . .     SeeInvis .     - Unarmed
rCold    . . .     Gourm    .   (no shield)
rNeg     . . .     Faith    .   b - +1 robe
rPois    .         Spirit   .   (no helmet)
rElec    .         Reflect  .   (no cloak)
rCorr    .         Harm     .   (no gloves)
MR       .....                  (no boots)
Stlth    +.........             (no amulet)
HPRegen  0.08/turn              (no ring)
MPRegen  0.10/turn              (no ring)

@: very slightly contaminated, slow
A: +LOS, swims, slowness 1, strong legs 1
a: Hop


You were on level 2 of the Dungeon.
You were not hungry.

You visited 1 branch of the dungeon, and saw 2 of its levels.

You collected 24 gold pieces.

Inventory:

Missiles
 a - 5 arrows
Armour
 b - a +1 robe (worn)
Scrolls
 g - 2 scrolls of identify
 i - a scroll of enchant armour
 j - 2 scrolls of amnesia
Books
 c - a book of Changes

   Spells                             Type                      Level
   a - Beastly Appendage              Transmutation                1
   b - Sticks to Snakes               Transmutation                2
   c - Spider Form                    Transmutation/Poison         3
   d - Ice Form                       Ice/Transmutation            4
   e - Blade Hands                    Transmutation                5
Comestibles
 d - a ration


   Skills:
 - Level 1.2 Fighting
 - Level 2.1 Dodging
 - Level 3.2 Unarmed Combat
 + Level 3.2 Spellcasting
 + Level 3.3 Transmutations


You had 2 spell levels left.
You knew the following spells:

 Your Spells              Type           Power        Failure   Level  Hunger
e - Beastly Appendage     Tmut           ##....       5%          1    #......
k - Sticks to Snakes      Tmut           ##......     9%          2    ##.....
p - Spider Form           Tmut/Pois      #.........   32%         3    ###....


Dungeon Overview and Level Annotations

Branches:
Dungeon (2/15)

Altars:


Innate Abilities, Weirdness & Mutations

Shadows flee at your approach. (+LOS)
You can swim through water.
You cover ground slowly.
You can hop short distances.


Message History

* * * LOW HITPOINT WARNING * * *
The giant cockroach closely misses you. The giant cockroach barely misses you.
The giant cockroach bites you.
* * * LOW HITPOINT WARNING * * *
The giant cockroach bites you.
* * * LOW HITPOINT WARNING * * *
As you read the scroll labeled BYIDGH FIKI, it crumbles to dust.
It is a scroll of enchant armour.
Your +0 robe glows green for a moment.
The giant cockroach bites you.
* * * LOW HITPOINT WARNING * * *
The giant cockroach closely misses you. The giant cockroach bites you.
* * * LOW HITPOINT WARNING * * *
The giant cockroach barely misses you.
You aren't carrying any potions.
As you read the scroll labeled NENAFYNIOW, it crumbles to dust.
You experience a momentary feeling of inescapable doom!
It was a scroll of random uselessness.
The giant cockroach barely misses you. x2
The giant cockroach closely misses you. x2
You aren't carrying any potions.
Unknown command.
Okay, then.
Unknown command.
Casting: Spider Form
Confirm with . or Enter, or press ? or * to list all spells.
You create a snake!
You now have 5 arrows.
The giant cockroach bites you.
* * * LOW HITPOINT WARNING * * *
The giant cockroach closely misses you.
The giant cockroach completely misses you.
The giant cockroach bites you but does no damage.
You closely miss the giant cockroach.
The giant cockroach closely misses you. x2
The giant cockroach barely misses you. x2
Your ball python barely misses the giant cockroach.
Your ball python closely misses the giant cockroach.
You barely miss the giant cockroach.
The giant cockroach closely misses you. x3
The giant cockroach bites you but does no damage.
Your ball python bites the giant cockroach but does no damage.
Your ball python barely misses the giant cockroach.
The giant cockroach closely misses you.
You hit the giant cockroach but do no damage.
The giant cockroach bites you.
* * * LOW HITPOINT WARNING * * *
The giant cockroach barely misses you. The giant cockroach closely misses you.
Your ball python bites the giant cockroach but does no damage.
Your ball python grabs the giant cockroach.
Your ball python constricts the giant cockroach.
The giant cockroach bites you but does no damage.
The giant cockroach bites your ball python.
The giant cockroach completely misses you.
The giant cockroach misses you.
You barely miss the giant cockroach.
Your ball python bites the giant cockroach.
Your ball python constricts the giant cockroach.
The giant cockroach barely misses you.
The giant cockroach bites you but does no damage.
The giant cockroach closely misses you. The giant cockroach bites you.
* * * LOW HITPOINT WARNING * * *
You hit the giant cockroach.
The giant cockroach is severely wounded.
Your ball python barely misses the giant cockroach.
Your ball python constricts the giant cockroach.
The giant cockroach bites you.
* * * LOW HITPOINT WARNING * * *
The giant cockroach completely misses you.
The giant cockroach bites you.
* * * LOW HITPOINT WARNING * * *
The giant cockroach closely misses you.
You completely miss the giant cockroach.
The giant cockroach is severely wounded.
Your ball python bites the giant cockroach but does no damage.
Your ball python constricts the giant cockroach.
The giant cockroach bites you.
* * * LOW HITPOINT WARNING * * *
The giant cockroach bites you but does no damage. x3
You aren't carrying any potions.
Unknown command.
You hit the giant cockroach.
You kill the giant cockroach!
That felt strangely unrewarding.
The giant cockroach misses you.
The giant cockroach bites you but does no damage.
The giant cockroach closely misses you.
You swap places.
A hobgoblin comes into view.
The hobgoblin shouts!
The giant cockroach barely misses your ball python.
Your ball python bites the giant cockroach but does no damage.
Your ball python grabs the giant cockroach.
Your ball python constricts the giant cockroach.
The giant cockroach barely misses you.
The giant cockroach barely misses your ball python. x2
The giant cockroach misses you.
Your ball python bites the giant cockroach but does no damage.
Your ball python constricts the giant cockroach.
You hit the giant cockroach.
The giant cockroach is almost dead.
The giant cockroach bites your ball python.
Your ball python dies!
The giant cockroach barely misses you.
Unknown command.
The hobgoblin hits you.
You die...

♣♣....♣ ♣>
♣...[.♣ .
♣♣....♣ ♣.
♣♣♣...♣♣ .♣
♣♣...♣♣♣ .
♣♣.♣♣.♣ ♣♣.
♣.♣♣♣♣♣ ♣.♣
♣♣÷♣ ♣g♣
♣.♣♣ ♣♣♣@♣
♣♣.♣ ♣s.♣♣
♣.♣♣
♣♣♣♣♣♣♣s♣♣
♣♣.♣
♣♣...♣♣.s♣
♣.♣♣
♣♣.♣♣.♣.w♣♣
♣.♣
♣.♣♣♣♣.♣.♣
♣†♣♣♣♣.♣
♣♣♣...
♣...♣♣.♣
♣♣.♣.♣
♣♣.....♣♣
♣♣ ..


You could see a worm, 3 giant cockroaches and a hobgoblin.

Vanquished Creatures
  An adder (D:2)
  A leopard gecko (D:1)
  A ball python (D:2)
  5 bats
  3 giant cockroaches
  3 goblins (D:1)
  4 hobgoblins
  4 jackals (D:1)
  A quokka (D:2)
  A rat (D:1)
24 creatures vanquished.

Vanquished Creatures (collateral kills)
  A dart slug (D:1)
  A bat (D:1)
2 creatures vanquished.

Grand Total: 26 creatures vanquished

Notes
Turn   | Place    | Note
-------+----------+-------------------------------------------
     0 | D:1      | tidbits the Barachi Transmuter began the quest for the Orb.
     0 | D:1      | Reached XP level 1. HP: 15/15 MP: 3/3
   115 | D:1      | Reached XP level 2. HP: 8/21 MP: 2/5
   125 | D:1      | Learned a level 2 spell: Sticks to Snakes
   482 | D:1      | Reached skill level 3 in Transmutations
   539 | D:1      | Reached XP level 3. HP: 4/26 MP: 2/7
   544 | D:1      | Learned a level 3 spell: Spider Form
   631 | D:1      | Reached skill level 3 in Spellcasting
   815 | D:2      | HP: 1/26 [giant cockroach[miscasting Spider Form] (2)]
   820 | D:2      | Slain by a hobgoblin

Skill      XL: |  1  2  3 |
---------------+----------+-----
Transmutations | 3 |  3.3
Spellcasting   | 3 |  3.2
Fighting       | |  1.2
Dodging        | |  2.1
Unarmed Combat | |  3.2

Action                   || total
-------------------------++-------
Melee: Unarmed           ||   106
       Headbutt          ||     7
       Kick              ||     3
 Cast: Beastly Appendage ||    14
       Sticks to Snakes  ||     7
       Spider Form       ||     4
  Use: Scroll            ||     3
       Potion            ||     2
 Stab: Sleeping          ||     1
  Eat: Chunk             ||     2
Armor: Robe              ||    36
       Skin              ||     2
Dodge: Dodged            ||   130

Table legend:
 A = Turns spent in this place as a percentage of turns spent in the entire game.
 B = Non-inter-level travel turns spent in this place as a percentage of non-inter-level travel turns spent in the entire game.
 C = Inter-level travel turns spent in this place as a percentage of turns spent in this place.
 D = Turns resting spent in this place as a percentage of non-inter-level travel turns spent in this place.
 E = Turns spent auto-exploring this place as a percentage of non-inter-level travel turns spent in this place.
 F = Non-inter-level travel turns spent in this place divided by the number of levels of this place that you've seen.
                   A       B       C       D       E      F
               +-------+-------+-------+-------+-------+----------------------
         Total | 100.0 | 100.0 |   0.0 |   0.0 |   0.0 | 410.0
       Dungeon | 100.0 | 100.0 |   0.0 |   0.0 |   0.0 | 410.0
               +-------+-------+-------+-------+-------+----------------------

Table legend:
 A = Kills in this place as a percentage of kills in entire the game.
 B = Kills by you in this place as a percentage of kills by you in the entire game.
 C = Kills by friends in this place as a percentage of kills by friends in the entire game.
 D = Other kills in this place as a percentage of other kills in the entire game.
 E = Experience gained in this place as a percentage of experience gained in the entire game.
 F = Experience gained in this place divided by the number of levels of this place that you have seen.
                   A       B       C       D       E      F
               +-------+-------+-------+-------+-------+----------------------
         Total | 100.0 | 100.0 | 100.0 |   N/A | 100.0 |  30.0
       Dungeon | 100.0 | 100.0 | 100.0 |   N/A | 100.0 |  30.0
               +-------+-------+-------+-------+-------+----------------------

Vault maps used:
D:1:      saegor_arrival_miasma
D:2:      kb_forest_paths, minitemple, first_ration, uniq_sigmund
